 Dungeon Crawl Stone Soup version 0.25.0-45-g978344163c (webtiles) character file.

Game seed: 917736724887558318

127 Errno the Skirmisher (level 4, -2/42 HPs)
             Began as a Minotaur Fighter on July 11, 2020.
             Killed by divine providence
             ... invoked by an orc priest
              (12 damage)
             ... on level 2 of the Dungeon.
             The game lasted 00:03:35 (1355 turns).

Errno the Skirmisher (Minotaur Fighter)             Turns: 1355, Time: 00:03:36

Health: -2/42      AC:  8    Str: 22    XL:     4   Next: 85%
Magic:  3/3        EV:  7    Int:  5    God:
Gold:   69         SH:  9    Dex:  9    Spells: 3/3 levels left

rFire    . . .     SeeInvis .   a - +0 war axe
rCold    . . .     Gourm    .   c - +0 kite shield
rNeg     . . .     Faith    .   b - +1 scale mail
rPois    .         Spirit   .   (helmet restricted)
rElec    .         Reflect  .   (no cloak)
rCorr    .         Harm     .   (no gloves)
MR       .....                  (no boots)
Stlth    ..........             (no amulet)
HPRegen  0.14/turn              (no ring)
MPRegen  0.08/turn              (no ring)

@: no status effects
A: retaliatory headbutt, horns 2
a: no special abilities


You were on level 2 of the Dungeon.
You were hungry.

You visited 1 branch of the dungeon, and saw 2 of its levels.

You collected 69 gold pieces.

Inventory:

Hand Weapons
 a - a +0 war axe (weapon)
Missiles
 h - 81 stones (quivered)
Armour
 b - a +1 scale mail (worn)
 c - a +0 kite shield (worn)
Scrolls
 e - 2 scrolls of remove curse
 j - a scroll of identify
 k - a scroll of enchant armour
 m - a scroll of blinking {unknown}
Potions
 d - a potion of might
 g - a potion of curing {unknown}
 l - a potion of stabbing {unknown}
 n - a potion of brilliance
Comestibles
 f - 4 rations
 i - 4 chunks of flesh


   Skills:
 * Level 5.1 Fighting
 * Level 4.3 Axes
 + Level 4.4 Armour
 - Level 3.6 Shields


You had 3 spell levels left.
You didn't know any spells.
Your spell library was empty.

Dungeon Overview and Level Annotations

Branches:
Dungeon (2/15)

Altars:
Ashenzari


Innate Abilities, Weirdness & Mutations

You reflexively headbutt those who attack you in melee.
You have a pair of horns on your head.


Message History

The orc hits you but does no damage.
Unknown command.
You hit the orc but do no damage. The orc hits you but does no damage.
You completely miss the orc. You block the orc's attack.
You hit the orc but do no damage. The orc hits you but does no damage.
Your shield and scale mail prevent you from hitting the orc.
You block the orc's attack.
The orc priest begins to cast a cantrip, but forgets the words!
You block the orc's attack.
Your shield and scale mail prevent you from hitting the orc.
You headbutt the orc, but do no damage. The orc hits you but does no damage.
You closely miss the orc.
You are feeling hungry.
The orc hits you but does no damage.
You barely miss the orc. The orc hits you but does no damage.
Unknown command.
Unknown command.
The orc priest calls down the wrath of Beogh upon you.
Beogh smites you!
You die...

................
#......#.####..
#..##.##.## #..
#.........# ###
##.##.###.# #
#####.##.# #.# #
#........# #.# # #
#.###.#..###<# #
##.##.##@###........#
#
#....o)o...###..#####
# ....(.##)#......# #
#...# #.#####.## #
#.# #.. ..# # . ####
#### # #


You could see an orc priest and an orc.

Vanquished Creatures
  A sky beast (D:2)
  An adder (D:2)
  An orc (D:2)
  A ball python (D:1)
  2 giant cockroaches
  5 goblins
  7 hobgoblins
  2 bats (D:1)
  2 frilled lizards
  5 kobolds
  A leopard gecko skeleton (D:2)
  3 rats
31 creatures vanquished.

Notes
Turn   | Place    | Note
-------+----------+-------------------------------------------
     0 | D:1      | Errno the Minotaur Fighter began the quest for the Orb.
     0 | D:1      | Reached XP level 1. HP: 19/19 MP: 0/0
   306 | D:1      | Reached XP level 2. HP: 27/27 MP: 1/1
   322 | D:1      | Reached skill level 4 in Fighting
  1148 | D:2      | Reached XP level 3. HP: 33/33 MP: 2/2
  1149 | D:2      | Found a shattered altar of Ashenzari.
  1213 | D:2      | Noticed a sky beast
  1216 | D:2      | Killed a sky beast
  1216 | D:2      | Reached skill level 5 in Fighting
  1216 | D:2      | Reached XP level 4. HP: 42/42 MP: 3/3
  1355 | D:2      | Killed from afar by an orc priest

Illustrated notes

Levels and vault maps discovered:
D:1:      heliophobic_arrival_ceremonial_halls, layout_basic
D:2:      layout_loops_corners, chequers_temple_overflow_minitemple,
          chequers_ecumenical_altar_island, first_ration, ashenzari_altar_1

Skill      XL: |  1  2  3 |
---------------+----------+-----
Fighting       | 4 5 |  5.1
Axes           | 3 4 |  4.3
Armour         | 4 |  4.4
Shields        | |  3.6

Action                   |  1- 3 |  4- 6 || total
-------------------------+-------+-------++-------
Melee: War axe           |    58 |    24 ||    82
       Headbutt          |    10 |     3 ||    13
  Use: Scroll            |     5 |       ||     5
  Eat: Chunk             |     1 |       ||     1
Armor: Scale mail        |    25 |     9 ||    34
Dodge: Dodged            |    20 |     3 ||    23
Block: Kite shield       |    25 |    12 ||    37
